 Dungeon Crawl Stone Soup version 0.31-a0-1-g4198be8af4 (webtiles) character file.

Game seed: 1113605974531015704

729 Lavandula the Stinger (level 7, -2/47 HPs)
             Began as a Mummy Venom Mage on May 3, 2023.
             Slain by a black bear (6 damage)
             ... on level 5 of the Dungeon.
             The game lasted 00:12:14 (4956 turns).

Lavandula the Stinger (Mummy Venom Mage)            Turns: 4956, Time: 00:12:14

Health: -2/47      AC:  7    Str: 11    XL:     7   Next: 44%
Magic:  4/14       EV: 11    Int: 17    God:
Gold:   171        SH:  0    Dex: 18    Spells: 6/16 levels left

rFire   x x .        k - +0 quarterstaff
rCold   + + .        (shield currently unavailable)
rNeg    + + +        o - +1 leather armour {Will+}
rPois   ∞            g - +2 helmet
rElec   .            (no cloak)
rCorr   .            (no gloves)
SInv    .            (no boots)
Will    +....        (no amulet)
Stlth   ++           c - ring of ice
HPRegen 0.27/turn    e - +6 ring of dexterity
MPRegen 0.14/turn

%: faith
@: no status effects
A: cold resistance 1, negative energy resistance 3, torment resistance 2, heat
vulnerability 1, in touch with death 1, no potions, faith
a: no special abilities


You were on level 5 of the Dungeon.
You visited 2 branches of the dungeon, and saw 6 of its levels.
You also visited: Sewer.

You collected 171 gold pieces.

Inventory:

Hand Weapons
 f - a +0 spear
 k - a +0 quarterstaff (weapon)
Missiles
 i - 6 silver javelins
 q - 5 throwing nets
Armour
 g - a +2 helmet (worn)
 h - a +0 buckler
 o - a +1 leather armour of willpower (worn)
Jewellery
 c - a ring of ice (left hand)
 e - a +6 ring of dexterity (right hand)
Wands
 b - a wand of charming (7)
 n - a wand of flame (10)
 p - a wand of roots (8)
Scrolls
 a - a scroll of teleportation
 d - 7 scrolls of identify
 j - a scroll of amnesia
 l - a scroll of blinking
 m - a scroll of enchant armour


   Skills:
 - Level 0.4 Fighting
 - Level 1.5 Dodging
 - Level 1.5 Stealth
 + Level 1.8 Shields
 - Level 5.0 Spellcasting
 - Level 0.7 Transmutations
 - Level 6.3 Poison Magic


You had 6 spell levels left.
You knew the following spells:

 Your Spells              Type           Power      Damage    Failure   Level
a - Sting                 Tmut/Pois      64%        1d6       4%          1
b - Poisonous Vapours     Pois/Air       28%        N/A       8%          2
c - Mephitic Cloud        Conj/Pois/Air  11%        N/A       24%         3
d - Olgreb's Toxic Radia  Pois           25%        N/A       14%         4

Your spell library contained the following spells:

 Spells                   Type           Power      Damage    Failure   Level
 Freeze                   Ice            24%        1d4       19%         1
 Frozen Ramparts          Ice            12%        1d2       50%         3
 Hailstorm                Conj/Ice       6%         3d4       50%         3
 Freezing Cloud           Conj/Ice/Air   3%         6-21      99%         5


Dungeon Overview and Level Annotations

Branches:
Dungeon (5/15)             Temple (1/1) D:4           Sewer (visited)

Altars:
Cheibriados
Dithmenos
Fedhas
Gozag
Hepliaklqana
Nemelex Xobeh
Okawaru
Ru
Trog
Uskayaw
Vehumet
Xom
Yredelemnul


Innate Abilities, Weirdness & Mutations

You are immune to poison.
Your flesh is cold resistant. (rC+)
You are immune to negative energy. (rN+++)
You are immune to unholy pain and torment.
You are vulnerable to heat. (rF-)
You are in touch with the powers of death.
You do not drink.
You have a special connection with the divine. (Faith)


Message History

The black bear looks even sicker.
Your toxic aura wanes.
Found a ring mail.
Casting: Olgreb's Toxic Radiance (quite dangerous; 14% risk of failure)
Confirm with . or Enter, or press ? or * to list all spells.
The spell is quite dangerous to miscast (14% risk of failure)!
Continue anyway?
Okay, then.
Unknown command.
Casting: Olgreb's Toxic Radiance (quite dangerous; 14% risk of failure)
Confirm with . or Enter, or press ? or * to list all spells.
The spell is quite dangerous to miscast (14% risk of failure)!
Continue anyway?
You begin to radiate toxic energy.
Your toxic aura wanes.
You see here a +0 ring mail.
Casting: Olgreb's Toxic Radiance (quite dangerous; 14% risk of failure)
Confirm with . or Enter, or press ? or * to list all spells.
The spell is quite dangerous to miscast (14% risk of failure)!
Continue anyway?
You begin to radiate toxic energy.
The black bear goes berserk!
Your toxic aura wanes.
The black bear bites you! The black bear claws you.
The black bear claws you but does no damage.
The black bear barely misses you.
The black bear claws you but does no damage.
The black bear claws you.
You completely miss the black bear.
The black bear is almost dead.
The black bear bites you. The black bear closely misses you.
The black bear claws you but does no damage.
The black bear closely misses you. The black bear claws you. x2
You hit the black bear but do no damage.
The black bear is almost dead.
The black bear bites you.
The black bear claws you but does no damage.
The black bear claws you. The black bear closely misses you.
The black bear claws you. The black bear closely misses you.
A phantom comes into view.
The black bear bites you!
* * * LOW HITPOINT WARNING * * *
The black bear claws you.
You die...

##.....## ..
#..##### .#
#..## ##.##
##.#
#.....#..#
#.. #....#
##.# ###.h##
#..#
##..#####..#
#...##....##
#.......h@.#
##...#####..#
#...# #....
#..## ##W##
..##. # ### #


You could see a black bear (berserk, poisoned) and a phantom (wandering).

Vanquished Creatures
  Grinder (D:3)
  Eustachio (D:4)
  A hound (D:5)
  A gnoll bouda (D:5)
  Natasha (thrice) (D:4)
  A hell rat (Sewer)
  Robin (D:4)
  8 gnolls
  2 river rats (Sewer)
  6 adders
  2 dart slugs
  4 orcs
  9 endoplasms
  6 giant cockroaches
  13 goblins
  9 hobgoblins
  A quokka (D:4)
  5 ball pythons
  3 bats
  2 frilled lizards
  3 kobolds
  13 rats
95 creatures vanquished.

Vanquished Creatures (others)
  Ijyb (D:3)
1 creature vanquished.

Grand Total: 96 creatures vanquished

Notes
Turn   | Place    | Note
-------+----------+-------------------------------------------
     0 | D:1      | Lavandula the Mummy Venom Mage began the quest for the Orb.
     0 | D:1      | Reached XP level 1. HP: 13/13 MP: 4/4
   110 | D:1      | You fall into a shaft and drop 1 floor!
   194 | D:2      | Reached XP level 2. HP: 16/19 MP: 1/5
   215 | D:1      | Reached skill level 3 in Poison Magic
   218 | D:1      | Learned a level 2 spell: Poisonous Vapours
  1265 | D:2      | Gained mutation: You are in touch with the powers of death.
                  | [Mummy growth]
  1265 | D:2      | Reached XP level 3. HP: 18/24 MP: 1/7
  1269 | D:2      | Learned a level 3 spell: Mephitic Cloud
  1822 | D:2      | Reached skill level 4 in Poison Magic
  2166 | D:3      | Found a shimmering altar of Xom.
  2167 | D:3      | Found a shimmering altar of Xom.
  2169 | D:3      | Reached XP level 4. HP: 30/30 MP: 6/8
  2169 | D:3      | Found a shimmering altar of Xom.
  2313 | D:3      | Noticed Grinder
  2313 | D:3      | Noticed Ijyb
  2318 | D:3      | Your ally Ijyb died
  2350 | D:3      | Paralysed by Grinder for 2 turns
  2546 | D:3      | Found a glowing drain.
  2587 | Sewer    | Entered a sewer
  2758 | Sewer    | Reached XP level 5. HP: 35/35 MP: 3/9
  2869 | D:3      | Killed Grinder
  2870 | D:3      | Reached skill level 6 in Poison Magic
  2870 | D:3      | Reached XP level 6. HP: 41/41 MP: 7/10
  2875 | D:3      | Learned a level 4 spell: Olgreb's Toxic Radiance
  3075 | D:3      | Found a shimmering altar of Xom.
  3077 | D:3      | Found a shimmering altar of Xom.
  3399 | D:4      | Noticed Eustachio
  3417 | D:4      | Killed Eustachio
  3543 | D:4      | Noticed Robin
  3545 | D:4      | Reached XP level 7. HP: 46/46 MP: 0/13
  3555 | D:4      | Killed Robin
  3750 | D:4      | Noticed Natasha
  3754 | D:4      | Killed Natasha
  3755 | D:4      | Reached skill level 5 in Spellcasting
  3781 | D:4      | Noticed Natasha
  3789 | D:4      | Killed Natasha
  4012 | D:4      | Noticed Natasha
  4016 | D:4      | Killed Natasha
  4228 | D:4      | Found a staircase to the Ecumenical Temple.
  4270 | Temple   | Entered the Ecumenical Temple
  4527 | D:4      | Found a bloodstained altar of Trog.
  4702 | D:5      | Entered Level 5 of the Dungeon
  4828 | D:5      | Reached skill level 1 in Shields
  4956 | D:5      | Slain by a black bear

Illustrated notes

Levels and vault maps discovered:
D:1:      psy_arrival_conway, layout_basic
D:2:      layout_loops_cross, dk_noncrumbling_4
D:3:      layout_rooms, xom_redecorated, gup_sewer_entry_glass,
          palyth_stone_intersect, kennysheep_minor_cross, fountainhead,
          uniq_grinder, uniq_ijyb
D:4:      layout_basic, lemuel_doored_altar, mainiacjoe_overflow_alcove_4,
          minmay_temple_entry_nine_rooms, chequers_serial_rivers_large_a,
          uniq_robin, uniq_natasha, uniq_eustachio
D:5:      cheibrodos_iron_armory, layout_layer_cave, uniq_duvessa
Temple:   chequers_temple_sunken

Skill      XL: |  1  2  3  4  5  6  7 |
---------------+----------------------+-----
Poison Magic   | 3 4 6 |  6.3
Spellcasting   | 4 5 |  5.0
Shields        | 1 |  1.8
Fighting       | |  0.4
Dodging        | |  1.5
Stealth        | |  1.5
Transmutations | |  0.7

Action                     |  1- 3 |  4- 6 |  7- 9 || total
---------------------------+-------+-------+-------++-------
  Melee: Unarmed           |    18 |       |       ||    18
         Spear             |     3 |    14 |       ||    17
         Quarterstaff      |       |    44 |    19 ||    63
   Cast: Sting             |    49 |    41 |       ||    90
         Poisonous Vapours |    13 |     8 |       ||    21
         Olgreb's Toxic Ra |       |     6 |    15 ||    21
  Evoke: Wand              |       |     5 |       ||     5
    Use: Scroll            |       |     3 |     1 ||     4
   Stab: Sleeping          |       |       |     1 ||     1
 Armour: Robe              |     3 |    34 |       ||    37
         Leather armour    |       |       |     8 ||     8
  Dodge: Dodged            |    12 |    63 |    18 ||    93

Table legend: (Time is in decaauts)
 A = Elapsed time spent in this place.
 B = Non-inter-level travel time spent in this place.
 C = Inter-level travel time spent in this place.
 D = Time resting spent in this place.
 E = Time spent auto-exploring this place.
 F = Levels seen in this place.
 G = Mean time per level.
                   A        B        C        D        E       F      G
               +--------+--------+--------+--------+--------+-----+--------+
         Total |   5064 |   4839 |    225 |    252 |   3471 |   7 |  723.4 |
       Dungeon |   4561 |   4359 |    202 |    157 |   3182 |   5 |  912.2 |
        Temple |    246 |    223 |     23 |      0 |    216 |   1 |  246.0 |
         Sewer |    256 |    256 |      0 |     95 |     72 |   1 |  256.0 |
               +--------+--------+--------+--------+--------+-----+--------+

Top non-repeatable levels by time:
     D:4: 1437 daAuts
     D:1: 1084 daAuts
     D:2: 1075 daAuts
     D:3: 709 daAuts
   Sewer: 256 daAuts
     D:5: 255 daAuts
  Temple: 246 daAuts
